 Dungeon Crawl Stone Soup version 0.26-a0-651-gb41185065b (webtiles) character file.

Game seed: 102886968965343331

1108 Ozzies the Skirmisher (level 8, 0/85 (87) HPs)
             Began as a Troll Monk on Oct 3, 2020.
             Slain by Duvessa
             ... wielding a +0 short sword of draining
              (2 damage)
             ... on level 6 of the Dungeon.
             The game lasted 00:05:01 (3808 turns).

Ozzies the Skirmisher (Troll Monk)                  Turns: 3808, Time: 00:05:02

HP:   0/85 (87)     AC:  9    Str: 22    XL:     8   Next: 11%
MP:   0/7           EV:  9    Int:  6    God:
Gold: 273           SH:  0    Dex: 12    Spells: 7/7 levels left

rFire    . . .     SeeInvis .     - Unarmed
rCold    . . .     Faith    .   (no shield)
rNeg     . . .     Spirit   +   a - +0 robe
rPois    .         Reflect  .   (helmet restricted)
rElec    .         Harm     .   u - +2 cloak
rCorr    .         Rampage  .   (gloves unavailable)
MR       .....                  (boots unavailable)
Stlth    +.........             r - amulet of guardian spirit
HPRegen  0.64/turn              (no ring)
MPRegen  0.10/turn              (no ring)

@: glowing, heavily drained
A: large, unfitting armour, claws 3, regeneration 1, shaggy fur 1, tough skin 3
a: no special abilities


You were on level 6 of the Dungeon.
You visited 1 branch of the dungeon, and saw 6 of its levels.

You collected 273 gold pieces.

Inventory:

Missiles
 b - 206 stones
 x - 18 poisoned darts (quivered)
Armour
 a - a +0 robe (worn)
 u - a +2 cloak (worn)
Jewellery
 q - an uncursed ring of poison resistance
 r - an amulet of guardian spirit (around neck)
Wands
 m - a wand of flame (15)
 s - a wand of disintegration (16)
 y - a wand of paralysis (8)
 B - a wand of polymorph (8)
Scrolls
 c - 11 scrolls of remove curse {unknown}
 d - 9 scrolls of identify {unknown}
 i - 3 scrolls of teleportation {unknown}
 j - 4 scrolls of amnesia {unknown}
 k - 2 scrolls of immolation {unknown}
 l - 2 scrolls of enchant weapon {unknown}
 o - 2 scrolls of blinking {unknown}
 t - 2 scrolls of fog {unknown}
 v - a scroll of enchant armour {unknown}
 w - a scroll of magic mapping {unknown}
 C - a scroll of summoning {unknown}
Potions
 e - a potion of brilliance {unknown}
 f - 2 potions of lignification {unknown}
 g - a potion of curing {unknown}
 h - 4 potions of flight {unknown}
 n - 2 potions of berserk rage
 p - 4 potions of haste {unknown}
 z - a potion of stabbing {unknown}
 A - a potion of magic {unknown}
 D - 2 potions of resistance {unknown}


   Skills:
 + Level 7.1(4.1) Fighting
 + Level 2.1(0.0) Throwing
 + Level 1.9(0.0) Armour
 + Level 3.2(0.6) Dodging
 - Level 1.0(0.0) Stealth
 + Level 4.0(1.3) Unarmed Combat


You had 7 spell levels left.
You didn't know any spells.
Your spell library contained the following spells:

 Spells                   Type           Power        Failure   Level
 Foxfire                  Conj/Fire      #...         45%         1
 Conjure Flame            Conj/Fire      #.......     83%         3
 Inner Flame              Hex/Fire       #.......     83%         3
 Sticky Flame             Conj/Fire      #.......     99%         4
 Fireball                 Conj/Fire      #.........   100%        5


Dungeon Overview and Level Annotations

Branches:
Dungeon (6/15)
 Temple: D:4-7

Altars:
Kikubaaqudgha
Makhleb
Nemelex Xobeh
Vehumet
Wu Jian
Zin

Annotations:
D:6 Dowan, Duvessa


Innate Abilities, Weirdness & Mutations

You are too large for most types of armour.
You have claws for hands.
Your natural rate of healing is unusually fast.
You are covered in fur. (AC +1)
You have extremely tough skin. (AC +3)


Message History

You are too injured to fight recklessly!
You barely miss Duvessa.
Duvessa is moderately wounded.
Duvessa hits you with a +0 short sword of draining!
You feel drained. Dowan hits you but does no damage.
You claw Duvessa!
Duvessa is heavily wounded.
Duvessa hits you with a +0 short sword of draining!
* * * LOW HITPOINT WARNING * * *
You feel drained. Dowan barely misses you.
Duvessa hits you with a +0 short sword of draining.
* * * LOW HITPOINT WARNING * * *
You feel drained.
* * * LOW HITPOINT WARNING * * *
You scratch Duvessa.
Duvessa is severely wounded.
Duvessa hits you with a +0 short sword of draining!
* * * LOW HITPOINT WARNING * * *
You feel drained.
You die...

# #. #.# .###
.##.# ...#####
..... #.......
..#.######....#.#
#.#.#...........#
#.#.#.####@...###
#†#.#.# #ee..#
#.#.#.####....#
#.#.....##....#
#.....#.#######
#.#.###.# #.#.# #
#.#..
#.###############


You could see Duvessa (berserk) and Dowan.

Vanquished Creatures
  Prince Ribbit (D:5)
  A sky beast (D:4)
  An ogre (D:4)
  An ice beast (D:5)
  A necrophage (D:6)
  A phantom (D:5)
  A howler monkey (D:4)
  A crimson imp (D:4)
  A bullfrog zombie (D:3)
  2 hounds
  Terence (D:2)
  3 worker ants
  A killer bee zombie (D:5)
  A worker ant zombie (D:5)
  7 adders
  A shadow imp (D:5)
  A white imp (D:5)
  An ufetubus (D:6)
  An adder skeleton (D:4)
  A worm (D:5)
  3 dart slugs
  2 leopard geckos
  3 orcs (D:3)
  2 ball pythons (D:2)
  6 bats
  8 giant cockroaches
  9 goblins
  8 hobgoblins
  4 quokkas
  2 frilled lizards (D:2)
  A giant cockroach zombie (D:6)
  7 kobolds
  3 rats
  2 rat zombies (D:2)
89 creatures vanquished.

Notes
Turn   | Place    | Note
-------+----------+-------------------------------------------
     0 | D:1      | Ozzies the Troll Monk began the quest for the Orb.
     0 | D:1      | Reached XP level 1. HP: 22/22 MP: 0/0
   173 | D:1      | Reached XP level 2. HP: 29/29 MP: 1/1
   202 | D:1      | Reached skill level 3 in Fighting
   937 | D:1      | Reached XP level 3. HP: 37/37 MP: 2/2
  1255 | D:2      | Noticed Terence
  1269 | D:2      | Killed Terence
  1423 | D:2      | Reached skill level 4 in Fighting
  1614 | D:2      | Found an ancient bone altar of Kikubaaqudgha.
  1736 | D:3      | Reached XP level 4. HP: 40/48 MP: 3/3
  1991 | D:3      | Found an ornate altar of the Wu Jian Council.
  1995 | D:3      | Found a sparkling altar of Nemelex Xobeh.
  2111 | D:3      | Reached skill level 5 in Fighting
  2111 | D:3      | Reached XP level 5. HP: 55/57 MP: 4/4
  2266 | D:4      | Reached XP level 6. HP: 59/67 MP: 5/5
  2434 | D:4      | Found a radiant altar of Vehumet.
  2435 | D:4      | Found a burning altar of Makhleb.
  2442 | D:4      | Reached skill level 6 in Fighting
  2682 | D:5      | Entered Level 5 of the Dungeon
  2682 | D:5      | Noticed a sky beast
  2705 | D:4      | Killed a sky beast
  2705 | D:4      | Reached XP level 7. HP: 14/76 MP: 1/6
  3195 | D:5      | Reached skill level 1 in Throwing
  3195 | D:5      | Reached skill level 1 in Armour
  3537 | D:5      | Noticed Prince Ribbit
  3581 | D:5      | Found a glowing silver altar of Zin.
  3617 | D:5      | Killed Prince Ribbit
  3617 | D:5      | Reached skill level 7 in Fighting
  3617 | D:5      | Reached XP level 8. HP: 66/87 MP: 4/7
  3798 | D:6      | Noticed Duvessa
  3798 | D:6      | Noticed Dowan
  3808 | D:6      | HP: 2/85 [Duvessa/+0 short sword of draining (9)]
  3808 | D:6      | Slain by Duvessa

Illustrated notes

Levels and vault maps discovered:
D:1:      dpeg_arrival_houses_and_road, layout_basic, st_stairs_4,
          minmay_octomino_j4
D:2:      layout_loops_ring, lemuel_zombie_altar_kikubaaqudgha, uniq_terence
D:3:      layout_rooms, grunt_temple_overflow_open
D:4:      layout_rooms, grunt_temple_overflow_lords_of_destruction
D:5:      kennysheep_big_flooded_room, layout_loops_ring, kennysheep_little_box,
          chequers_jeans, uniq_prince_ribbit1
D:6:      layout_basic, kennysheep_mini, minmay_large_rounded_square,
          trog_wizard, uniq_duvessa, uniq_sigmund, uniq_pikel

Skill      XL: |  1  2  3  4  5  6  7  8 |
---------------+-------------------------+-----
Fighting       | 3 4 5 6 7 |  7.1
Throwing       | 1 2 |  2.1
Armour         | 1 |  1.9
Dodging        | 3 |  3.2
Unarmed Combat | 4 |  4.0
Stealth        | |  1.0

Action                   |  1- 3 |  4- 6 |  7- 9 || total
-------------------------+-------+-------+-------++-------
Melee: Unarmed           |    82 |   133 |    89 ||   304
       Punch             |     1 |     3 |     2 ||     6
Throw: Stone             |     8 |       |       ||     8
 Stab: Sleeping          |       |     1 |     3 ||     4
Armor: Robe              |    40 |    58 |    23 ||   121
Dodge: Dodged            |    48 |    71 |    32 ||   151

Table legend: (Time is in decaauts)
 A = Elapsed time spent in this place.
 B = Non-inter-level travel time spent in this place.
 C = Inter-level travel time spent in this place.
 D = Time resting spent in this place.
 E = Time spent auto-exploring this place.
 F = Levels seen in this place.
 G = Mean time per level.
                   A        B        C        D        E       F      G
               +--------+--------+--------+--------+--------+-----+--------+
         Total |   3795 |   3565 |    230 |      0 |   2969 |   6 |  632.5 |
       Dungeon |   3795 |   3565 |    230 |      0 |   2969 |   6 |  632.5 |
               +--------+--------+--------+--------+--------+-----+--------+

Top non-repeatable levels by time:
     D:1: 1032 daAuts
     D:5: 827 daAuts
     D:2: 692 daAuts
     D:4: 604 daAuts
     D:3: 538 daAuts
     D:6: 100 daAuts
